 Dungeon Crawl Stone Soup version 0.28-a0-706-gf6f64a616a (webtiles) character file.

Game seed: 11213199471866118759

8698 dolemite99 the Cleaver (level 11, 0/101 HPs)
             Began as a Hill Orc Monk on Oct 24, 2021.
             Was a Priest of Makhleb.
             Slain by a boulder beetle (15 damage)
             ... on level 9 of the Dungeon.
             The game lasted 00:13:52 (9879 turns).

dolemite99 the Cleaver (Hill Orc Monk)              Turns: 9879, Time: 00:13:52

Health: 0/101      AC: 22    Str: 18    XL:     11   Next: 34%
Magic:  20/20      EV:  6    Int: 10    God:    Makhleb [***...]
Gold:   162        SH:  3    Dex: 13    Spells: 10/10 levels left

rFire   + . .      SeeInvis .   a - +3 war axe
rCold   . . .      Faith    +   h - +0 buckler
rNeg    . . .      Spirit   .   O - +0 plate armour
rPois   +          Reflect  .   R - +2 helmet
rElec   .          Harm     .   o - +2 cloak
rCorr   .          Rampage  .   (no gloves)
Will    .....                   N - +1 pair of boots
Stlth   ..........              P - amulet of faith
HPRegen 0.26/turn               w - ring of protection from fire
MPRegen 0.17/turn               y - ring of poison resistance

@: no status effects
A: no striking features
a: Renounce Religion, Minor Destruction, Lesser Servant of Makhleb


You were on level 9 of the Dungeon.
You worshipped Makhleb.
Makhleb was most pleased with you.
You visited 1 branch of the dungeon, and saw 9 of its levels.

You collected 446 gold pieces.
You spent 284 gold pieces at shops.

Inventory:

Hand Weapons
 a - a +3 war axe (weapon)
 f - a +1 short sword of venom
 C - a +0 hand axe
 S - a +1 short sword of venom
Missiles
 m - 206 stones
 s - 19 poisoned darts (quivered)
 D - 102 sling bullets
 E - 63 bolts
Armour
 b - a +0 robe
 d - a +0 kite shield
 h - a +0 buckler (worn)
 o - a +2 cloak (worn)
 p - a +1 scale mail of fire resistance
 N - a +1 pair of boots (worn)
 O - a +0 plate armour (worn)
 R - a +2 helmet (worn)
 W - +0 swamp dragon scales
Magical Staves
 K - a staff of death
Jewellery
 g - a ring of flight
 i - a ring of wizardry
 k - an amulet of guardian spirit
 w - a ring of protection from fire (left hand)
 y - a ring of poison resistance (right hand)
 M - a +6 ring of intelligence
 P - an amulet of faith (around neck)
 U - a ring of wizardry
Wands
 c - a wand of polymorph (10)
 X - a wand of digging (5)
 Z - a wand of mindburst (15)
Scrolls
 j - 4 scrolls of teleportation
 u - 2 scrolls of acquirement {unknown}
 v - 2 scrolls of identify {unknown}
 z - a scroll of immolation {unknown}
 A - 2 scrolls of fog {unknown}
 B - a scroll of torment {unknown}
 H - a scroll of blinking {unknown}
 I - a scroll of fear {unknown}
 J - a scroll of holy word {unknown}
 L - 2 scrolls of magic mapping
 Q - 2 scrolls of summoning {unknown}
 T - a scroll of amnesia
Potions
 e - 4 potions of heal wounds {unknown}
 l - 3 potions of brilliance {unknown}
 n - 2 potions of attraction {unknown}
 q - 3 potions of magic {unknown}
 r - 2 potions of curing
 t - a potion of lignification {unknown}
 x - a potion of berserk rage {unknown}
 G - 2 potions of might {unknown}
 V - a potion of degeneration {unknown}
 Y - a potion of cancellation {unknown}


   Skills:
 - Level 10.5 Fighting
 + Level 12.9 Axes
 - Level 8.2 Armour
 - Level 2.4 Dodging
 - Level 1.5 Stealth
 + Level 12.1 Invocations


You had 10 spell levels left.
You didn't know any spells.
Your spell library contained the following spells:

 Spells                   Type           Power      Damage    Failure   Level
 Animate Skeleton         Necr           0%         N/A       100%        1
 Apportation              Tloc           0%         N/A       100%        1
 Magic Dart               Conj           0%         1d3       100%        1
 Sandblast                Erth           0%         2d4       100%        1
 Summon Small Mammal      Summ           0%         N/A       100%        1
 Passwall                 Tmut/Erth      0%         N/A       100%        2
 Searing Ray              Conj           0%         2d4       100%        2
 Call Canine Familiar     Summ           0%         N/A       100%        3
 Gell's Gravitas          Tloc           0%         N/A       100%        3
 Portal Projectile        Hex/Tloc       0%         N/A       100%        3
 Stone Arrow              Conj/Erth      0%         3d7       100%        3
 Teleport Other           Tloc           0%         N/A       100%        3
 Fulminant Prism          Conj/Hex       0%         3d6       100%        4
 Leda's Liquefaction      Hex/Erth       0%         N/A       100%        4
 Petrify                  Tmut/Erth      0%         N/A       100%        4
 Metabolic Englaciation   Hex/Ice        0%         N/A       100%        5
 Dispersal                Tloc           0%         N/A       100%        6
 Statue Form              Tmut/Erth      0%         N/A       100%        6


Dungeon Overview and Level Annotations

Branches:
Dungeon (9/15)             Temple (0/1) D:5
   Lair: D:8-11         Orc: D:9-12

Altars:
Makhleb
Okawaru

Shops:
D:6 [   D:8 *

Annotations:
D:3 3 runed translucent doors, avis's ghost, amateur HOTm
D:7 1 runed translucent door, AlleluiaPinecone's ghost, novice VSBr


Message History

The boulder beetle burns!
Your hellwing hits the boulder beetle but does no damage. x2
The boulder beetle bites your hellwing but does no damage.
Your smoke demon hits the boulder beetle but does no damage. x3
The boulder beetle closely misses you.
Your smoke demon gestures at the boulder beetle.
The sticky flame hits the boulder beetle but does no damage.
The boulder beetle is covered in liquid flames!
You feel better.
The boulder beetle burns!
Your hellwing hits the boulder beetle but does no damage. x2
The boulder beetle closely misses your hellwing.
Your smoke demon hits the boulder beetle but does no damage. x3
The boulder beetle leaps!
What are your orders? t - Shout!
Orders for allies: a - Attack new target. r - Retreat! s - Stop attacking. g - Guard the area. f - Follow me.
Anything else - Cancel.
Guard this area!
Your hellwing hits the boulder beetle but does no damage. x2
The boulder beetle curls into a ball and begins rolling!
Your smoke demon gestures at the boulder beetle.
The sticky flame hits the boulder beetle but does no damage.
The boulder beetle is covered in liquid flames!
The boulder beetle burns! x2
Your hellwing barely misses the boulder beetle.
Your hellwing hits the boulder beetle but does no damage.
The boulder beetle leaps!
Found 11 gold pieces.
You see here a scroll labelled WOYBLA BUDWEE.
z - a scroll labelled WOYBLA BUDWEE
Okay, then.
Okay, then.
The boulder beetle hits you!!
* * * LOW HITPOINT WARNING * * *
The boulder beetle stops rolling and uncurls.
The boulder beetle bites you but does no damage.
The boulder beetle bites you!
You die...

## #.# #.## #
###.#############
#
#..B@34..........
#.#.###..........
#...## #○..####.#
##$# #...# #.#
... #.33# #.#
##.# #B..# #.# .#
#☼###4°.# #.# #
.# #○°).°.# #.#
#.## ## #.####..#
#.# #.##


You could see a boulder beetle (ally target), a friendly hellwing (summoned) and
a friendly smoke demon (summoned).

Vanquished Creatures
  3 cyclopes
  Maggie (D:8)
  A wyvern (D:9)
  A shadow (D:8)
  2 steam dragons (D:7)
  3 water moccasins
  An ice beast (D:7)
  An orc warrior (D:7)
  2 sky beasts
  2 centaurs
  A phantom (D:5)
  2 scorpions
  A water moccasin skeleton (D:6)
  4 howler monkeys
  A bullfrog zombie (D:6)
  A centaur skeleton (D:6)
  A jelly (D:5)
  2 hounds
  A centaur zombie (D:7)
  2 bullfrog skeletons (D:6)
  Natasha (D:2)
  3 iguanas
  8 orc wizards
  Terence (D:2)
  A howler monkey zombie (D:6)
  3 gnolls (D:6)
  7 adders
  A white imp (D:7)
  An ufetubus (D:6)
  A worm (D:3)
  4 dart slugs
  21 orcs
  7 endoplasms
  3 giant cockroaches
  5 goblins
  6 hobgoblins
  2 jackals (D:2)
  3 quokkas
  12 ball pythons
  6 bats
  4 frilled lizards (D:2)
  A jackal skeleton (D:4)
  8 kobolds
  6 rats
148 creatures vanquished.

Vanquished Creatures (collateral kills)
  2 boulder beetles (D:9)
  A two-headed ogre (D:6)
  A tengu warrior (D:9)
  2 ugly things (D:9)
  A manticore (D:9)
  A gargoyle (D:9)
  An efreet (D:9)
  Psyche (D:8)
  A hornet (D:8)
  A slime creature (D:9)
  Sigmund (D:5)
  An orc warrior (D:6)
  An ogre (D:5)
  A centaur (D:5)
  A bullfrog (D:9)
  3 wights (D:7)
  An orc priest (D:6)
  4 orcs
25 creatures vanquished.

Vanquished Creatures (others)
  A howler monkey (D:9)
1 creature vanquished.

Grand Total: 174 creatures vanquished

Notes
Turn   | Place    | Note
-------+----------+-------------------------------------------
     0 | D:1      | dolemite99 the Hill Orc Monk began the quest for the Orb.
     0 | D:1      | Reached XP level 1. HP: 19/19 MP: 1/1
    24 | D:1      | Noticed a shining eye
    26 | D:1      | Found a faded altar of an unknown god.
    27 | D:1      | Noticed a floating eye
    27 | D:1      | Noticed a floating eye
    27 | D:1      | Noticed a shining eye
    49 | D:1      | Prayed at the altar of an unknown god.
    49 | D:1      | Became a worshipper of Makhleb the Destroyer
    49 | D:1      | Reached * piety under Makhleb
    49 | D:1      | Reached ** piety under Makhleb
   278 | D:1      | Reached *** piety under Makhleb
   279 | D:1      | Reached skill level 1 in Invocations
   284 | D:1      | Reached XP level 2. HP: 26/26 MP: 2/2
  1372 | D:2      | Reached skill level 5 in Axes
  1372 | D:2      | Reached XP level 3. HP: 4/31 MP: 1/4
  2192 | D:2      | Noticed Terence
  2221 | D:2      | Killed Terence
  2222 | D:2      | Reached XP level 4. HP: 13/39 MP: 3/6
  2443 | D:2      | Noticed Natasha
  2448 | D:2      | Killed Natasha
  2577 | D:3      | Reached XP level 5. HP: 28/45 MP: 4/8
  2823 | D:3      | Found an iron altar of Okawaru.
  3050 | D:3      | Noticed a black bear
  3096 | D:3      | Noticed avis's ghost (amateur HOTm)
  3134 | D:3      | Found a runed translucent gate.
  3135 | D:3      | Found a runed translucent gate.
  3143 | D:3      | Found a runed translucent gate.
  3466 | D:4      | Reached **** piety under Makhleb
  3716 | D:4      | Reached skill level 5 in Invocations
  3716 | D:4      | Reached XP level 6. HP: 51/51 MP: 9/9
  3880 | D:4      | Noticed a sky beast
  3899 | D:4      | Killed a sky beast
  4756 | D:5      | Entered Level 5 of the Dungeon
  4806 | D:5      | Reached XP level 7. HP: 54/57 MP: 11/11
  4849 | D:5      | Found a staircase to the Ecumenical Temple.
  4918 | D:5      | Noticed Sigmund
  4929 | D:5      | Killed Sigmund
  5091 | D:5      | Reached XP level 8. HP: 55/64 MP: 10/13
  5266 | D:6      | Reached skill level 1 in Armour
  5394 | D:6      | Found Obuel's Antique Armour Shop.
  5398 | D:6      | Bought a pair of boots for 148 gold pieces
  5688 | D:6      | Noticed a two-headed ogre
  5696 | D:6      | Killed a two-headed ogre
  5697 | D:6      | Reached XP level 9. HP: 63/70 MP: 14/14
  6355 | D:7      | Reached skill level 5 in Fighting
  6592 | D:7      | Noticed a cyclops
  6607 | D:7      | Killed a cyclops
  7032 | D:7      | Found a runed translucent door.
  7115 | D:7      | Noticed AlleluiaPinecone's ghost (novice VSBr)
  7473 | D:7      | Reached XP level 10. HP: 88/92 MP: 15/15
  7581 | D:7      | Identified the -6 cloak of Conscience {Contam Harm rCorr
                  | Str+7}
  7731 | D:8      | Noticed Maggie
  7746 | D:8      | Killed Maggie
  7747 | D:8      | Reached skill level 10 in Fighting
  7877 | D:8      | Found Vocsumiul's Assorted Antiques.
  7881 | D:8      | Bought a scroll labelled BEUBBE ZOPSIMM for 34 gold pieces
  7881 | D:8      | Bought a scroll labelled VEITHR SIXIUQOI for 34 gold pieces
  7881 | D:8      | Bought a scroll labelled WUV HOIJOTEUN for 34 gold pieces
  7881 | D:8      | Bought a scroll labelled XIKHLI MEGROID for 34 gold pieces
  8015 | D:8      | Noticed Psyche
  8743 | D:8      | Killed Psyche
  9175 | D:9      | Reached skill level 10 in Axes
  9187 | D:9      | Noticed a boulder beetle
  9220 | D:9      | Noticed a tengu warrior
  9231 | D:9      | Killed a tengu warrior
  9234 | D:9      | Killed a boulder beetle
  9235 | D:9      | Reached skill level 10 in Invocations
  9440 | D:9      | Noticed a cyclops
  9472 | D:9      | Killed a cyclops
  9723 | D:9      | Noticed a cyclops
  9730 | D:9      | Killed a cyclops
  9731 | D:9      | Reached XP level 11. HP: 100/101 MP: 19/19
  9769 | D:9      | Noticed a boulder beetle
  9782 | D:9      | Killed a boulder beetle
  9847 | D:9      | Noticed a cyan ugly thing
  9850 | D:9      | Noticed a purple ugly thing
  9853 | D:9      | Noticed a manticore
  9854 | D:9      | Killed a cyan ugly thing
  9855 | D:9      | Killed a purple ugly thing
  9857 | D:9      | Noticed a boulder beetle
  9860 | D:9      | Killed a manticore
  9861 | D:9      | Noticed a boulder beetle
  9879 | D:9      | Slain by a boulder beetle

Illustrated notes

Levels and vault maps discovered:
D:1:      lightli_arrival_lavapool, layout_loops_corners,
          hellmonk_ecumenical_altar_watching_god,
          hangedman_decor_clover_reticule
D:2:      layout_basic, minmay_small_reverse_x, uniq_terence, uniq_natasha
D:3:      layout_basic, okawaru_trees_2, gammafunk_ghost_split,
          minmay_fractal_squares_5
D:4:      layout_layer_cave, hangedman_abyss_or_decor_stabs,
          minmay_snake_closets
D:5:      layout_rooms, minmay_temple_entry_grid, uniq_sigmund
D:6:      layout_basic, serial_shops, nicolae_shop_behind_doors
D:7:      layout_loops_ring, ebering_ghost_reflecting_pool
D:8:      layout_loops_cross, serial_shops, shop_statue,
          minmay_misc_feat_columns, uniq_psyche, uniq_maggie
D:9:      layout_loops_ring, serial_shops, nicolae_shop_stone, minivault_28

Skill      XL: |  1  2  3  4  5  6  7  8  9 10 11 |
---------------+----------------------------------+-----
Invocations    | 1 2 3 4 5 6 7 11 12 | 12.1
Axes           | 5 6 7 9 11 12 | 12.9
Armour         | 7 8 |  8.2
Fighting       | 9 10 | 10.5
Dodging        | |  2.4
Stealth        | |  1.5

Action                   |  1- 3 |  4- 6 |  7- 9 | 10-12 || total
-------------------------+-------+-------+-------+-------++-------
Melee: Hand axe          |     3 |       |       |       ||     3
       Short sword       |     9 |    33 |    38 |       ||    80
       War axe           |       |       |    15 |    15 ||    30
Throw: Dart              |       |     3 |     5 |       ||     8
       Throwing net      |       |       |       |     1 ||     1
Invok: Minor Destruction |    81 |    70 |   154 |    60 ||   365
       Lesser Servant of |       |       |     6 |    21 ||    27
  Use: Potion            |     1 |       |       |     2 ||     3
       Scroll            |       |       |     3 |    10 ||    13
 Stab: Distracted        |       |       |     1 |       ||     1
Armor: Robe              |     8 |       |       |       ||     8
       Scale mail        |       |    26 |    21 |       ||    47
       Plate armour      |       |       |    66 |     4 ||    70
       Swamp dragon scal |       |       |       |    35 ||    35
Dodge: Dodged            |    19 |    23 |    33 |    35 ||   110
Block: Buckler           |     3 |    11 |    19 |     7 ||    40

Table legend: (Time is in decaauts)
 A = Elapsed time spent in this place.
 B = Non-inter-level travel time spent in this place.
 C = Inter-level travel time spent in this place.
 D = Time resting spent in this place.
 E = Time spent auto-exploring this place.
 F = Levels seen in this place.
 G = Mean time per level.
                   A        B        C        D        E       F      G
               +--------+--------+--------+--------+--------+-----+--------+
         Total |   9893 |   9751 |    142 |   1851 |   6190 |   9 | 1099.2 |
       Dungeon |   9893 |   9751 |    142 |   1851 |   6190 |   9 | 1099.2 |
               +--------+--------+--------+--------+--------+-----+--------+

Top non-repeatable levels by time:
     D:2: 1436 daAuts
     D:8: 1422 daAuts
     D:7: 1377 daAuts
     D:4: 1343 daAuts
     D:1: 1100 daAuts
     D:6: 1087 daAuts
     D:3: 881 daAuts
     D:9: 745 daAuts
     D:5: 498 daAuts
